 Dungeon Crawl Stone Soup version 0.26-a0-490-gf8362a0c98 (webtiles) character file.

Game seed: 13029544513560716114

7858 ANON1729 the Fighter (level 11, -9/133 HPs)
             Began as a Palentonga Delver on Aug 4, 2020.
             Was an Elder of Hepliaklqana.
             Hit by a silver javelin thrown by Urug (13 damage)
             ... on level 11 of the Dungeon.
             The game lasted 00:35:20 (17019 turns).

ANON1729 the Fighter (Palentonga Delver)           Turns: 17019, Time: 00:35:21

Health: -9/133     AC: 25    Str: 26    XL:     11   Next: 2%
Magic:  25/25      EV:  1    Int: 15    God:    Hepliaklqana [****..]
Gold:   497        SH:  0    Dex: 11    Spells: 10/10 levels left

rFire    . . .     SeeInvis +   j - +4 dagger "Morg" {pain, MR+ Int+5}
rCold    . . .     Faith    .   (no shield)
rNeg     + + +     Spirit   .   (armour currently unavailable)
rPois    +         Reflect  .   (helmet currently unavailable)
rElec    .         Harm     .   (cloak currently unavailable)
rCorr    .         NoTele   +   (gloves currently unavailable)
MR       +....                  (boots currently unavailable)
Stlth    ++........             x - amulet of regeneration
HPRegen  0.72/turn              v - +6 ring of strength
MPRegen  0.19/turn              N - ring of magical power

@: mighty, brilliant, tree-form (expiring)
A: large, reduced essence, rugged brown scales 3, see invisible
a: Recall Ancestor, Ancestor Identity, Transference, Idealise, Renounce Religion


You were on level 11 of the Dungeon.
You worshipped Hepliaklqana.
Hepliaklqana was greatly pleased with you.
You were a tree.
You visited 2 branches of the dungeon, and saw 12 of its levels.

You collected 595 gold pieces.
You spent 98 gold pieces at shops.

Inventory:

Hand Weapons
 b - a +3 scimitar
 j - the +4 dagger "Morg" (weapon) {pain, MR+ Int+5}
   (You found it on level 5 of the Dungeon)

   In the hands of one skilled in necromantic magic, it inflicts extra damage on
   living creatures.
   It affects your intelligence (+5).
   It affects your resistance to hostile enchantments.
Armour
 y - a +2 helmet (melded)
 O - a +0 troll leather armour (melded)
Jewellery
 n - an uncursed ring of ice {unknown}
 v - a +6 ring of strength (left branch)
 x - an amulet of regeneration (around neck)
 N - a ring of magical power (right branch)
Wands
 g - a wand of digging (1)
 K - a wand of iceblast (3)
 L - a wand of random effects (12)
Scrolls
 c - a scroll of fog
 d - 6 scrolls of magic mapping
 e - a scroll of fear
 h - 6 scrolls of remove curse
 i - 2 scrolls of blinking
 k - 3 scrolls of immolation
 s - 9 scrolls of teleportation
 t - a scroll of random uselessness {unknown}
 w - 4 scrolls of enchant weapon
 A - 7 scrolls of identify
 B - a scroll of noise {unknown}
 F - a scroll of amnesia {unknown}
 G - a scroll of silence {unknown}
 H - a scroll of enchant armour {unknown}
 M - 3 scrolls of brand weapon
Potions
 f - 2 potions of haste
 l - 2 potions of brilliance
 m - a potion of curing
 p - 2 potions of degeneration {unknown}
 q - 2 potions of resistance {unknown}
 r - 2 potions of stabbing {unknown}
 u - 2 potions of flight
 z - a potion of ambrosia {unknown}
 C - 2 potions of mutation {unknown}
 D - a potion of might
 I - 2 potions of berserk rage {unknown}


   Skills:
 * Level 10.8 Fighting
 + Level 7.9 Long Blades
 + Level 6.8 Dodging
 - Level 4.4 Stealth
 + Level 7.4 Invocations


You had 10 spell levels left.
You didn't know any spells.
Your spell library contained the following spells:

 Spells                   Type           Power        Failure   Level
 Foxfire                  Conj/Fire      #...         26%         1
 Conjure Flame            Conj/Fire      #.......     63%         3
 Inner Flame              Hex/Fire       #.......     63%         3
 Sticky Flame             Conj/Fire      #.......     95%         4
 Fireball                 Conj/Fire      #.........   100%        5


Dungeon Overview and Level Annotations

Branches:
Dungeon (11/15)            Temple (1/1) D:5            Lair (0/6) D:8
    Orc: D:9-12

Altars:
Ashenzari
Cheibriados
Dithmenos
Elyvilon
Fedhas
Gozag
Hepliaklqana
Kikubaaqudgha
Makhleb
Nemelex Xobeh
Okawaru
Qazlal
Ru
Sif Muna
Trog
Uskayaw
Vehumet
Wu Jian
Xom
Yredelemnul
Zin
The Shining One

Shops:
D:5 :   D:6 **   D:10 *

Annotations:
D:11 Urug


Innate Abilities, Weirdness & Mutations

(You are completely covered in rugged brown scales. (AC +3, +7% HP))
You have supernaturally acute eyesight. (SInv)
((Armour fits poorly on your strangely shaped body.))
((You can roll at foes to attack.))
((You have a long armoured tail.))
Your life essence is reduced to manifest your ancestor. (-10% HP)


Message History

* * * LOW HITPOINT WARNING * * *
The silver sears you!
* * * LOW HITPOINT WARNING * * *
What are your orders? t - Creak!
Orders for allies: a - Attack new target. p - Attack previous target. r - Retreat! s - Stop attacking. g - Guard the area. f - Follow me.
Anything else - Cancel.
Gang up on whom?
Press: ? - help, Dir - move target cursor, f/p - Urug
Aim: Urug, wielding a +1 vorpal war axe, wearing a +0 chain mail and quivering a silver javelin (heavily wounded) Attack!
You feel yourself slow down.
Urug throws a silver javelin.
The silver javelin pierces through Djefatnebti!
The silver javelin pierces through you!!
* * * LOW HITPOINT WARNING * * *
The silver sears you!
You die...

....................
.###########.......###..
........................
........≈.....#....###..
...o....≈.....#.#####...
...§o...†≈)...#.# #...
....§....≈≈≈..# ####..#
....§§R§§§≈≈≈.#.##......
...≈≈§§♣§§.≈≈...........
....≈§§§.§§≈....#####...
....≈§§§§.....#.# #...
..≈≈≈≈§§§.....#.#####...
..≈≈≈≈≈..≈≈.............
..........≈≈≈≈≈..≈≈...#.#####...
.≈..........≈≈...≈..............
≈≈...............≈....#.######..
.................≈ #..


You could see the friendly Djefatnebti the hexer and Urug.

Vanquished Creatures
  An ugly thing (D:11)
  Grinder (D:5)
  4 yaks
  A shadow (D:11)
  Menkaure (D:7)
  A water moccasin (D:10)
  An orc warrior (D:9)
  A sky beast (D:5)
  2 black bears
  2 phantoms
  4 ogres
  A necrophage (D:10)
  3 centaurs
  A wolf (D:6)
  Blork the orc (D:5)
  2 big kobolds
  6 bullfrogs
  A wyvern zombie (D:8)
  4 scorpions
  10 wights
  An electric eel (D:11)
  3 centaur zombies
  4 orc priests
  A jelly (D:10)
  A gnoll shaman (D:6)
  A bullfrog skeleton (D:3)
  2 centaur skeletons
  9 hounds
  An iguana (D:4)
  2 orc wizards
  7 worker ants
  A hound zombie (D:9)
  2 hound skeletons
  A howler monkey skeleton (D:7)
  14 gnolls
  9 adders
  3 shadow imps
  3 white imps
  3 ufetubi
  An ooze (D:7)
  An adder zombie (D:9)
  4 dart slugs (D:1)
  2 worms
  7 leopard geckos
  21 orcs
  4 giant cockroaches
  7 goblins
  6 hobgoblins
  23 jackals
  5 quokkas
  A ball python (D:2)
  5 bats
  4 frilled lizards
  12 kobolds
  A leopard gecko zombie (D:7)
  8 rats
228 creatures vanquished.

Vanquished Creatures (collateral kills)
  A troll (D:10)
  2 yaks (D:9)
  An orc warrior (D:11)
  2 eyes of draining
  An ogre (D:6)
  A necrophage (D:10)
  A bullfrog (D:6)
  2 gnoll sergeants
  2 scorpions
  A water moccasin skeleton (D:9)
  6 wights
  An electric eel (D:6)
  A bullfrog skeleton (D:7)
  2 orc wizards
  A hound (D:7)
  2 worker ants (D:4)
  An adder (D:4)
  8 gnolls (D:6)
  An adder zombie (D:7)
  3 worms
  3 orcs
  A giant cockroach (D:2)
  3 hobgoblins
  8 jackals
  2 kobolds
  2 bats
  A quokka skeleton (D:9)
  A rat (D:2)
61 creatures vanquished.

Vanquished Creatures (others)
  15 hexers
  3 ancestors (D:5)
  A bush (D:10)
19 creatures vanquished.

Grand Total: 308 creatures vanquished

Notes
Turn   | Place    | Note
-------+----------+-------------------------------------------
     0 | D:5      | ANON1729 the Palentonga Delver began the quest for the Orb.
     0 | D:5      | Reached XP level 1. HP: 19/19 MP: 1/1
    24 | D:5      | Found a staircase to the Ecumenical Temple.
    33 | D:5      | Noticed a worker ant
    34 | Temple   | Entered the Ecumenical Temple
   231 | Temple   | Became a worshipper of Hepliaklqana the Forgotten
   277 | D:5      | Noticed Grinder
   297 | D:5      | Found a hide-covered altar of Uskayaw.
   299 | D:5      | Found a radiant altar of Vehumet.
   299 | D:5      | Found a blossoming altar of Fedhas.
   300 | D:5      | Found a stormy altar of Qazlal.
   302 | D:5      | Noticed a sky beast
   347 | D:5      | Found the +4 dagger "Morg" {pain, MR+ Int+5}
   405 | D:5      | Reached XP level 2. HP: 18/23 MP: 2/2
   476 | D:5      | Found Veom's Book Emporium.
   524 | D:5      | Noticed Blork the orc
   546 | D:4      | Reached XP level 3. HP: 11/28 MP: 3/3
  1007 | D:5      | Killed Blork the orc
  1007 | D:5      | Reached XP level 4. HP: 15/35 MP: 4/4
  1188 | D:5      | Killed a sky beast
  1188 | D:5      | Reached skill level 4 in Fighting
  1188 | D:5      | Reached XP level 5. HP: 40/40 MP: 5/5
  1633 | D:5      | Paralysed by Grinder for 5 turns
  1768 | D:5      | Killed Grinder
  1768 | D:5      | Reached XP level 6. HP: 32/47 MP: 6/6
  1890 | D:5      | Found a shattered altar of Ashenzari.
  1891 | D:5      | Found an ornate altar of the Wu Jian Council.
  1901 | D:5      | Found a basalt altar of Yredelemnul.
  2744 | D:3      | Reached XP level 7. HP: 51/53 MP: 7/7
  3295 | D:3      | Reached * piety under Hepliaklqana
  3608 | D:3      | Reached skill level 5 in Fighting
  4079 | D:4      | Reached skill level 1 in Invocations
  4598 | D:4      | Found an ancient bone altar of Kikubaaqudgha.
  5223 | D:1      | Reached ** piety under Hepliaklqana
  5224 | D:1      | Remembered your ancestor Djefatnebti as a hexer
  5933 | D:5      | Reached XP level 8. HP: 53/62 MP: 9/9
  5991 | D:5      | Found a shadowy altar of Dithmenos.
  6022 | D:5      | Reached skill level 6 in Fighting
  6130 | D:5      | Found a bloodstained altar of Trog.
  6143 | D:5      | Reached skill level 5 in Long Blades
  6901 | D:6      | Found Bifobedauge's General Store.
  7091 | D:6      | Bought a potion of might for 56 gold pieces
  7145 | D:6      | Reached *** piety under Hepliaklqana
  7812 | D:6      | Reached skill level 7 in Fighting
  8036 | D:6      | Found Ushrya Xubes's Assorted Antiques.
  8889 | D:6      | Reached XP level 9. HP: 64/69 MP: 12/12
  9573 | D:6      | Reached skill level 5 in Dodging
 10086 | D:6      | Reached skill level 8 in Fighting
 10522 | D:7      | Found a burning altar of Makhleb.
 10522 | D:7      | Noticed an Executioner
 10822 | D:7      | Reached skill level 5 in Invocations
 11079 | D:7      | Found a shadowy altar of Dithmenos.
 11889 | D:7      | Noticed Menkaure
 11902 | D:7      | Killed Menkaure
 11902 | D:7      | Reached skill level 9 in Fighting
 12306 | D:8      | Found a staircase to the Lair.
 12531 | D:8      | Reached **** piety under Hepliaklqana
 12919 | D:8      | Found a sparkling altar of Nemelex Xobeh.
 13627 | D:9      | Reached XP level 10. HP: 66/80 MP: 14/14
 13899 | D:9      | Found a glowing silver altar of Zin.
 14140 | D:10     | Entered Level 10 of the Dungeon
 15426 | D:10     | Reached skill level 10 in Fighting
 16012 | D:10     | Found Zaih's Changing Room.
 16023 | D:10     | Bought a potion of lignification for 42 gold pieces
 16688 | D:11     | Noticed Urug
 16688 | D:11     | Noticed an unseen horror
 16941 | D:11     | Noticed a manticore
 16953 | D:11     | Noticed a white ugly thing
 16977 | D:11     | Killed a white ugly thing
 16994 | D:11     | Reached XP level 11. HP: 26/89 MP: 16/16
 17019 | D:11     | HP: 4/133 [Urug/silver javelin (18)]
 17019 | D:11     | Hit by a silver javelin thrown by Urug

Illustrated notes

Levels and vault maps discovered:
D:1:      dpeg_arrival_lava_temple_mockup, layout_basic,
          corexii_leaking_fountain, serial_bayou_crossing
D:2:      layout_rooms
D:3:      layout_loops_cross
D:4:      layout_gridville, lemuel_coloured_pillars_altar, grunt_ministairs_2
D:5:      minmay_chambers_of_fours, layout_basic, trog_eyes_of_draining,
          grunt_temple_overflow_open, nicolae_overflow_crystal_walls,
          minmay_temple_entry_statues_fountains, serial_shops, shop,
          uniq_blork_the_orc, uniq_grinder
D:6:      layout_cave_pools, serial_gnoll_camp, gnoll_camp_mini_doghouse,
          gnoll_camp_huts_moat, gnoll_camp_mini_shop, gnoll_camp_mini_hut,
          serial_shops, shop, kennysheep_generic_room_3
D:7:      layout_loops_cross, makhleb_altar_promises_db, basic_altar,
          minmay_bent, uniq_menkaure
D:8:      layout_layer_cave, nemelex_xobeh_ov_fountains_minmay,
          dpeg_oklobed_lair
D:9:      layout_cave_pools, basic_altar, chequers_serial_rivers_large_b
D:10:     minmay_evil_eye, layout_cave_pods, nicolae_transmutations_shop,
          kb_lookout_dungeons_type
D:11:     layout_basic, orc_david_3, uniq_urug
Temple:   jpeg_temple_alley_garden

Skill      XL: |  1  2  3  4  5  6  7  8  9 10 |
---------------+-------------------------------+-----
Dodging        | 2 3 4 5 6 |  6.8
Long Blades    | 3 4 5 6 7 |  7.9
Fighting       | 4 5 7 9 10 | 10.8
Stealth        | 4 |  4.4
Invocations    | 2 4 5 7 |  7.4

Action                   |  1- 3 |  4- 6 |  7- 9 | 10-12 || total
-------------------------+-------+-------+-------+-------++-------
Melee: Dagger            |    45 |    58 |   639 |   255 ||   997
       Tailslap          |     5 |     9 |    84 |    50 ||   148
       Falchion          |     1 |       |       |       ||     1
Invok: Recall Ancestor   |     2 |       |       |       ||     2
       Ancestor Life: He |       |       |     1 |       ||     1
       Transference      |       |       |       |     1 ||     1
 Abil: Rolling Charge    |       |     7 |     7 |     1 ||    15
Evoke: Wand              |     2 |       |       |     7 ||     9
       Box of beasts     |       |       |       |     1 ||     1
  Use: Scroll            |     1 |     1 |     4 |     8 ||    14
       Potion            |       |       |     5 |    12 ||    17
 Stab: Sleeping          |       |     2 |    23 |     1 ||    26
       Confused          |       |       |     2 |     4 ||     6
       Distracted        |       |       |     3 |     1 ||     4
Armor: Leather armour    |    11 |    13 |   137 |    17 ||   178
       Skin              |       |       |       |    59 ||    59
       Troll leather arm |       |       |       |    16 ||    16
Dodge: Dodged            |    34 |    27 |   361 |   104 ||   526
       Rpst.: Falchion   |     1 |       |       |       ||     1

Table legend: (Time is in decaauts)
 A = Elapsed time spent in this place.
 B = Non-inter-level travel time spent in this place.
 C = Inter-level travel time spent in this place.
 D = Time resting spent in this place.
 E = Time spent auto-exploring this place.
 F = Levels seen in this place.
 G = Mean time per level.
                   A        B        C        D        E       F      G
               +--------+--------+--------+--------+--------+-----+--------+
         Total |  16851 |  16351 |    500 |   8089 |   5586 |  12 | 1404.2 |
       Dungeon |  15927 |  15469 |    458 |   7427 |   5401 |  11 | 1447.9 |
        Temple |    924 |    883 |     41 |    662 |    185 |   1 |  924.0 |
               +--------+--------+--------+--------+--------+-----+--------+

Top non-repeatable levels by time:
     D:5: 3041 daAuts
     D:6: 2353 daAuts
     D:7: 1960 daAuts
    D:10: 1879 daAuts
     D:3: 1748 daAuts
     D:9: 1327 daAuts
     D:8: 1244 daAuts
     D:4: 1001 daAuts
  Temple: 924 daAuts
     D:1: 676 daAuts
     D:2: 467 daAuts
    D:11: 228 daAuts
